 Dungeon Crawl Stone Soup version 0.31-a0-662-g684573625c (webtiles) character file.

Game seed: 10662936903255845866

606 subawu the Shield-Bearer (level 7, -5/70 HPs)
             Began as a Troll Fighter on Aug 30, 2023.
             Slain by an ogre
             ... wielding a +0 giant spiked club
              (21 damage)
             ... on level 4 of the Dungeon on Aug 31, 2023.
             The game lasted 00:07:15 (2394 turns).

subawu the Shield-Bearer (Troll Fighter)            Turns: 2394, Time: 00:07:16

Health: -5/70      AC:  4    Str: 25    XL:     7   Next: 19%
Magic:  6/6        EV:  9    Int:  4    God:
Gold:   195        SH:  8    Dex: 11    Spells: 6/6 levels left

rFire   . .          .
                       - Unarmed
rCold   . . .        b - +0 kite shield
rNeg    . . .        a - +0 robe
rPois   .            (helmet restricted)
rElec   .            (no cloak)
rCorr   .            (gloves unavailable)
SInv    .            (boots unavailable)
Will    .....        (no amulet)
Stlth   +            (no ring)
HPRegen 1.11/turn    (no ring)
MPRegen 0.10/turn

%: no passive effects
@: no status effects
A: large, unfitting armour, claws 3, regeneration 1, shaggy fur 1, tough skin 1
a: no special abilities


You were on level 4 of the Dungeon.
You visited 1 branch of the dungeon, and saw 4 of its levels.

You collected 195 gold pieces.

Inventory:

Armour
 a - a +0 robe (worn)
 b - a +0 kite shield (worn)
 f - a +0 ring mail
Talismans
 h - a flux talisman
 m - a beast talisman
Scrolls
 d - 2 scrolls of enchant armour {unknown}
 i - a scroll of poison {unknown}
 j - 2 scrolls of teleportation {unknown}
 k - 3 scrolls of blinking {unknown}
 l - a scroll of fear {unknown}
 n - a scroll of vulnerability {unknown}
 o - 2 scrolls of identify {unknown}
 r - a scroll of revelation {unknown}
 s - 2 scrolls of fog {unknown}
Potions
 c - a potion of might
 e - 3 potions of heal wounds {unknown}
 g - 2 potions of curing {unknown}
 p - a potion of mutation {unknown}
 q - a potion of berserk rage {unknown}


   Skills:
 + Level 4.0 Fighting
 + Level 4.0 Dodging
 + Level 4.4 Shields
 + Level 4.2 Unarmed Combat


You had 6 spell levels left.
You didn't know any spells.
Your spell library contained the following spells:

 Spells                   Type           Power      Damage    Failure   Level
 Apportation              Tloc           0%         N/A       75%         1
 Kiss of Death            Conj/Necr      0%         2d5       75%         1
 Confusing Touch          Hex            0%         N/A       98%         3
 Ozocubu's Armour         Ice            0%         N/A       98%         3
 Anguish                  Hex/Necr       0%         N/A       100%        4
 Animate Dead             Necr           0%         N/A       100%        4
 Cause Fear               Hex            0%         N/A       100%        4
 Dispel Undead            Necr           0%         3d6       100%        4
 Alistair's Intoxication  Tmut/Pois      0%         N/A       100%        5
 Borgnjor's Vile Clutch   Necr/Erth      0%         N/A       100%        5
 Metabolic Englaciation   Hex/Ice        0%         N/A       100%        5
 Death Channel            Necr           0%         N/A       100%        6
 Simulacrum               Ice/Necr       0%         N/A       100%        6
 Enfeeble                 Hex            0%         N/A       100%        7


Dungeon Overview and Level Annotations

Branches:
Dungeon (4/15)
 Temple: D:4-7

Altars:
Makhleb
Xom
Zin

Shops:
D:3 [   D:4 (

Annotations:
D:4 1 runed translucent door, Crazy Yiuf


Innate Abilities, Weirdness & Mutations

You are too large for most types of armour.
You have claws for hands.
Your natural rate of healing is unusually fast.
You are covered in fur. (AC +1)
You have tough skin. (AC +1)


Message History

Found two escape hatches in the ceiling.
You closely miss the adder. You block the adder's attack.
You claw the adder!
You kill the adder!
The iguana bites you but does no damage.
You closely miss the iguana. You block the iguana's attack.
The iguana barely misses you.
You scratch the iguana but do no damage.
The iguana bites you. The iguana bites you!
You scratch the iguana.
The iguana is lightly wounded.
You block the iguana's attack. The iguana bites you!
You mangle the iguana!!
You kill the iguana!
The iguana bites you.
Your Fighting skill increases to level 4!
Found 11 gold pieces.
The iguana bites you. You block the iguana's attack.
You claw the iguana!
The iguana is severely wounded.
The iguana bites you.
You scratch the iguana.
You kill the iguana!
An ogre comes into view. It is wielding a +0 giant spiked club.
The ogre shouts!
You see here 11 gold pieces.
The ogre barely misses you.
You claw the ogre!
The ogre is severely wounded.
The ogre hits you with a +0 giant spiked club!!
You closely miss the ogre.
The ogre is severely wounded.
You barely miss the ogre.
The ogre is severely wounded.
The ogre hits you with a +0 giant spiked club!!
* * * LOW HITPOINT WARNING * * *
You closely miss the ogre.
The ogre is severely wounded.
The ogre hits you with a +0 giant spiked club!!
You die...

........# 8..
......^..#######.#.##
#.........##.....<....
#.........##..........
#........$.......∩....
......................
#.........#.....8....
#.........#..O.......
#........#$.@.......
##.###..###.....<....
#..#.†.## ###########
#....### #..######
#.......## #........##
#.........#
#.....>...#


You could see an ogre.

Vanquished Creatures
  Sigmund (D:2)
  Menkaure (D:4)
  A scorpion (D:4)
  Natasha (thrice) (D:3)
  2 iguanas (D:4)
  Robin (D:4)
  4 adders
  4 dart slugs
  2 orcs (D:3)
  4 ball pythons (D:1)
  5 endoplasms
  5 giant cockroaches
  8 hobgoblins
  7 jackals (D:1)
  5 kobolds
  8 quokkas
  4 bats (D:1)
  3 frilled lizards
  12 goblins
  7 rats
87 creatures vanquished.

Notes
Turn   | Place    | Note
-------+----------+-------------------------------------------
     0 | D:1      | subawu the Troll Fighter began the quest for the Orb.
     0 | D:1      | Reached XP level 1. HP: 22/22 MP: 0/0
    14 | D:1      | Upgraded the game from 0.31-a0-656-gb4d89c20fa to
                  | 0.31-a0-662-g684573625c
    46 | D:1      | Reached XP level 2. HP: 28/29 MP: 1/1
   187 | D:1      | Reached XP level 3. HP: 32/36 MP: 2/2
   764 | D:2      | Found a shimmering altar of Xom.
  1101 | D:2      | Noticed Sigmund
  1137 | D:2      | Killed Sigmund
  1138 | D:2      | Reached XP level 4. HP: 43/45 MP: 3/3
  1138 | D:2      | Reached XP level 5. HP: 50/53 MP: 4/4
  1495 | D:3      | Found a glowing silver altar of Zin.
  1495 | D:3      | Found a burning altar of Makhleb.
  1496 | D:3      | Noticed an Executioner
  1496 | D:3      | Noticed an angel
  1620 | D:3      | Noticed Natasha
  1626 | D:3      | Killed Natasha
  1627 | D:3      | Reached XP level 6. HP: 61/61 MP: 5/5
  1627 | D:3      | Noticed Natasha
  1640 | D:3      | Killed Natasha
  1647 | D:3      | Noticed Natasha
  1661 | D:3      | Killed Natasha
  1793 | D:3      | Found Namiotsi's Armour Boutique.
  2052 | D:4      | Noticed Menkaure
  2060 | D:4      | Killed Menkaure
  2165 | D:4      | Noticed Robin
  2185 | D:4      | Killed Robin
  2286 | D:4      | Found a runed translucent door.
  2287 | D:4      | Noticed Crazy Yiuf
  2359 | D:4      | Reached XP level 7. HP: 64/68 MP: 6/6
  2370 | D:4      | Found Tom Zuawn's Weapon Boutique.
  2394 | D:4      | Slain by an ogre

Illustrated notes

Levels and vault maps discovered:
D:1:      minmay_arrival_four_houses, layout_rooms, minmay_misc_feat_rugged
D:2:      layout_basic, basic_altar, grunt_ministairs_8, uniq_sigmund
D:3:      layout_basic, grunt_temple_overflow_order_and_chaos_2, serial_shops,
          nicolae_lakefront_shop, uniq_natasha
D:4:      layout_rooms, minmay_temple_entry_nine_rooms, serial_shops,
          shop_statue, uniq_robin, uniq_crazy_yiuf_cottage, uniq_menkaure

Skill      XL: |  1  2  3  4  5  6  7 |
---------------+----------------------+-----
Shields        | 3 4 |  4.4
Fighting       | 3 4 |  4.0
Dodging        | 3 4 |  4.0
Unarmed Combat | 3 4 |  4.2

Action                     |  1- 3 |  4- 6 |  7- 9 || total
---------------------------+-------+-------+-------++-------
  Melee: Unarmed           |   100 |   107 |    12 ||   219
   Stab: Sleeping          |       |     1 |       ||     1
 Armour: Robe              |    84 |    78 |    10 ||   172
  Dodge: Dodged            |    61 |    43 |     2 ||   106
  Block: Kite shield       |    78 |    74 |     4 ||   156

Table legend: (Time is in decaauts)
 A = Elapsed time spent in this place.
 B = Non-inter-level travel time spent in this place.
 C = Inter-level travel time spent in this place.
 D = Time resting spent in this place.
 E = Time spent auto-exploring this place.
 F = Levels seen in this place.
 G = Mean time per level.
                   A        B        C        D        E       F      G
               +--------+--------+--------+--------+--------+-----+--------+
         Total |   2404 |   2388 |     16 |      0 |   1360 |   4 |  601.0 |
       Dungeon |   2404 |   2388 |     16 |      0 |   1360 |   4 |  601.0 |
               +--------+--------+--------+--------+--------+-----+--------+

Top non-repeatable levels by time:
     D:3: 747 daAuts
     D:2: 741 daAuts
     D:1: 567 daAuts
     D:4: 349 daAuts
